 Dungeon Crawl Stone Soup version 0.27.1-34-g3ba077fa99 (webtiles) character file.

Game seed: 13842139003116813544

153 boopmooplesden the Covered (level 5, -1/70 HPs)
             Began as a Minotaur Fighter on Jan 7, 2022.
             Succumbed to a scorpion's poison
             ... on level 5 of the Dungeon.
             The game lasted 00:02:45 (2434 turns).

boopmooplesden the Covered (Minotaur Fighter)       Turns: 2434, Time: 00:02:45

Health: -1/70      AC: 22    Str: 22    XL:     5   Next: 12%
Magic:  4/4        EV:  2    Int:  5    God:
Gold:   131        SH:  9    Dex:  9    Spells: 4/4 levels left

rFire    . . .     SeeInvis .   a - +0 long sword
rCold    . . .     Faith    .   c - +0 kite shield
rNeg     + + +     Spirit   .   (armour currently unavailable)
rPois    +         Reflect  .   (helmet currently unavailable)
rElec    .         Harm     .   (cloak currently unavailable)
rCorr    .         Rampage  .   (gloves currently unavailable)
Will     .....     NoTele   +   (boots currently unavailable)
Stlth    +.........             (no amulet)
HPRegen  0.21/turn              (no ring)
MPRegen  0.09/turn              (no ring)

@: lethally poisoned (-1 -> -13), tree-form
A: stationary, stasis, torment immunity, boosted hp, (horns 2), (retaliatory
headbutt)
a: no special abilities


You were on level 5 of the Dungeon.
You were a tree.
You visited 1 branch of the dungeon, and saw 5 of its levels.

You collected 131 gold pieces.

Inventory:

Hand Weapons
 a - a +0 long sword (weapon)
 n - a +0 broad axe
Missiles
 f - 4 javelins (quivered)
Armour
 b - a +0 scale mail
 c - a +0 kite shield (worn)
 e - a +0 plate armour (melded)
Scrolls
 i - a scroll of teleportation {unknown}
 l - a scroll of identify {unknown}
 m - a scroll of fear {unknown}
 o - a scroll of enchant weapon {unknown}
 p - a scroll of brand weapon {unknown}
Potions
 d - 2 potions of flight
 h - 2 potions of lignification
 j - 2 potions of curing {unknown}
 k - a potion of brilliance {unknown}


   Skills:
 + Level 4.3 Fighting
 + Level 4.0 Long Blades
 + Level 0.4 Throwing
 + Level 5.1 Armour
 + Level 4.2 Shields


You had 4 spell levels left.
You didn't know any spells.
Your spell library contained the following spells:

 Spells                   Type           Power      Damage    Failure   Level
 Summon Small Mammal      Summ           0%         N/A       91%         1
 Call Canine Familiar     Summ           0%         N/A       99%         3
 Summon Guardian Golem    Hex/Summ       0%         N/A       99%         3


Dungeon Overview and Level Annotations

Branches:
Dungeon (6/15)
 Temple: D:4-7

Altars:

Annotations:
D:3 1 runed translucent door, Crazy Yiuf


Innate Abilities, Weirdness & Mutations

You are a tree.
Your roots penetrate the ground, keeping you stationary.
You cannot be teleported.
You are immune to unholy pain and torment.
Your maximum health is greatly increased.
Your equipment is partially melded.
((You have a pair of horns on your head.))
((You reflexively headbutt those who attack you in melee.))


Message History

You climb upwards.
You hear the sound of rushing water.
There is an entrance to a sewer on this level.
Hurry and find it before the portal rusts away!
You hear the hiss of flowing sand.
There is an entrance to an ossuary on this level.
Hurry and find it before the portal is buried!
There is a stone staircase leading down here.
You hit the scorpion. Your headbutt misses the scorpion.
The scorpion is lightly wounded.
The scorpion stings you but does no damage.
You barely miss the scorpion.
You headbutt the scorpion, but do no damage.
The scorpion is lightly wounded.
The scorpion closely misses you. You block the scorpion's attack.
Your shield and plate armour prevent you from hitting the scorpion.
Your headbutt misses the scorpion.
The scorpion is lightly wounded.
The scorpion stings you.
* * * LOW HITPOINT WARNING * * *
You are lethally poisoned!
The scorpion poisons you!
The scorpion stings you but does no damage.
It was a potion of lignification.
You turn into a tree.
Your +0 plate armour melds into your body.
Your roots penetrate the ground.
You feel very sick. You block the scorpion's attack.
You hit the scorpion.
The scorpion is moderately wounded.
You feel very sick.
The scorpion stings you but does no damage.
You hit the scorpion but do no damage.
The scorpion is moderately wounded.
You feel sick. The scorpion stings you.
* * * LOW HITPOINT WARNING * * *
You are more poisoned.
The scorpion poisons you! You block the scorpion's attack.
Drop what? 15/52 slots (_ for help) (? for menu, Esc to quit)
Okay, then.
It was a potion of flight.
Your roots keep you in place.
You die... # #####.##### #..♣s...... ###########

You could see a scorpion.

Vanquished Creatures
  Terence (D:2)
  Natasha (twice) (D:3)
  2 adders
  4 worms
  A dart slug (D:2)
  An orc (D:3)
  6 endoplasms
  2 giant cockroaches
  7 goblins
  4 hobgoblins
  3 ball pythons (D:1)
  5 bats
  4 frilled lizards
  2 kobolds (D:2)
  4 rats
48 creatures vanquished.

Notes
Turn   | Place    | Note
-------+----------+-------------------------------------------
     0 | D:1      | boopmooplesden the Minotaur Fighter began the quest for the
                  | Orb.
     0 | D:1      | Reached XP level 1. HP: 19/19 MP: 0/0
   263 | D:1      | Found a faded altar of an unknown god.
   373 | D:1      | Reached XP level 2. HP: 27/27 MP: 1/1
   693 | D:1      | Reached skill level 4 in Armour
  1128 | D:2      | Noticed Terence
  1152 | D:2      | Reached XP level 3. HP: 26/33 MP: 2/2
  1157 | D:2      | Killed Terence
  1494 | D:2      | Reached XP level 4. HP: 40/40 MP: 3/3
  2099 | D:3      | Noticed Natasha
  2105 | D:3      | Killed Natasha
  2117 | D:3      | Noticed Natasha
  2127 | D:3      | Killed Natasha
  2128 | D:3      | Reached skill level 5 in Armour
  2128 | D:3      | Reached XP level 5. HP: 27/47 MP: 4/4
  2352 | D:3      | Found a runed translucent door.
  2353 | D:3      | Noticed Crazy Yiuf
  2407 | D:3      | You fall into a shaft and drop 3 floors!
  2415 | D:6      | Noticed a centaur
  2424 | D:6      | Noticed a phantom
  2427 | D:5      | Entered Level 5 of the Dungeon
  2433 | D:5      | HP: 2/70 [scorpion (6)]
  2434 | D:5      | Succumbed to a scorpion's poison

Illustrated notes

Levels and vault maps discovered:
D:1:      erik_arrival_triangle_huge, layout_basic,
          dreamdust_ecumenical_altar_hidden_monk_grotto, chequers_avenue
D:2:      layout_loops_ring, st_stairs_5, uniq_terence
D:3:      layout_rooms, uniq_crazy_yiuf_cottage, uniq_natasha
D:5:      layout_basic, enter_ossuary_4, gup_sewer_entry_bowl
D:6:      layout_basic, pdpol_wu_jian_five_deadly_venoms, gammafunk_ghost_grave,
          chequers_serial_rivers_micro_a

Skill      XL: |  1  2  3  4 |
---------------+-------------+-----
Fighting       | 4 |  4.3
Armour         | 4 5 |  5.1
Shields        | 4 |  4.2
Long Blades    | 3 4 |  4.0
Throwing       | |  0.4

Action                   |  1- 3 |  4- 6 || total
-------------------------+-------+-------++-------
Melee: Long sword        |    63 |    50 ||   113
       Headbutt          |    11 |    13 ||    24
Throw: Javelin           |     3 |       ||     3
  Use: Potion            |     1 |     2 ||     3
       Scroll            |       |     1 ||     1
Armor: Scale mail        |     5 |       ||     5
       Plate armour      |    43 |    30 ||    73
       Skin              |       |     1 ||     1
Dodge: Dodged            |    11 |    13 ||    24
Block: Kite shield       |    33 |    34 ||    67
       Rpst.: Long sword |     3 |     3 ||     6
